 Dungeon Crawl Stone Soup version 0.30-a0-263-ge22c4ad894 (webtiles) character file.

Game seed: 13991530004972715000

12477 sscrono2 the Martial Artist (level 11, -5/67 HPs)
             Began as an Octopode Delver on Oct 13, 2022.
             Was a Believer of Cheibriados.
             Slain by a hobgoblin
             ... wielding a +0 hand axe
              (6 damage)
             ... in a bailey.
             The game lasted 00:25:59 (11035 turns).

sscrono2 the Martial Artist (Octopode Delver)      Turns: 11035, Time: 00:26:00

Health: -5/67      AC:  1    Str: 22    XL:     11   Next: 94%
Magic:  23/23      EV: 13    Int: 17    God:    Cheibriados [**....]
Gold:   472        SH:  0    Dex: 17    Spells: 17/26 levels left

rFire   . . .      SeeInvis +      - Unarmed
rCold   . . .      Faith    .    (no shield)
rNeg    . . .      Spirit   .    (helmet restricted)
rPois   .          Reflect  .    (no amulet)
rElec   .          Harm     .    (no ring)
rCorr   .          Rampage  .    (no ring)
Will    .....                    (no ring)
Stlth   +++++.....               (no ring)
HPRegen 0.31/turn                (no ring)
MPRegen 0.18/turn                (no ring)
                                 (no ring)
                                 (no ring)

@: flying (expiring), studying Stealth, very slow
A: almost no armour, amphibious, 8 rings, camouflage 1, gelatinous body 1,
(nimble swimmer 1), tentacles, see invisible, strong 1
a: Renounce Religion, Bend Time


You were in a bailey.
You worshipped Cheibriados.
Cheibriados was pleased with you.
You visited 2 branches of the dungeon, and saw 9 of its levels.
You also visited: Sewer and Bailey.

You collected 472 gold pieces.

Inventory:

Hand Weapons
 k - the +9 mace "Luareuly" {elec, *Rage rCorr MP+9}
   (You found it on level 4 of the Dungeon)

   It occasionally discharges a powerful burst of electricity upon striking a
   foe.
   MP:        It affects your magic capacity (+9).
   *Rage:     It berserks you when you make melee attacks (+20% chance).
   rCorr:     It protects you from acid and corrosion.
Missiles
 y - 10 poisoned darts (quivered)
 E - a throwing net
Magical Staves
 c - a staff of air
 w - a staff of cold
Wands
 e - a wand of digging (3)
 G - a wand of flame (20)
Scrolls
 j - a scroll of immolation
 l - a scroll of enchant weapon {unknown}
 m - a scroll of brand weapon {unknown}
 n - 3 scrolls of noise
 p - a scroll of torment {unknown}
 q - 4 scrolls of teleportation
 s - a scroll of poison {unknown}
 B - 4 scrolls of amnesia
 C - a scroll of vulnerability
 D - 2 scrolls of enchant armour
Potions
 a - a potion of resistance
 d - 5 potions of haste
 g - a potion of cancellation
 i - 2 potions of mutation
 o - a potion of magic
 t - 3 potions of curing
 z - a potion of lignification {unknown}
 A - a potion of attraction {unknown}
Miscellaneous
 f - a box of beasts (inert)


   Skills:
 - Level 3.0 Fighting
 - Level 2.0 Dodging
 + Level 7.9 Stealth
 + Level 13.3 Unarmed Combat
 + Level 8.2 Spellcasting
 + Level 8.0 Transmutations
 * Level 6.8 Air Magic
 - Level 6.1 Earth Magic
 + Level 1.4 Invocations


You had 17 spell levels left.
You knew the following spells:

 Your Spells              Type           Power      Damage    Failure   Level
a - Storm Form            Tmut/Air       16%        N/A       99%         7
b - Blink                 Tloc           12%        N/A       16%         2

Your spell library contained the following spells:

 Spells                   Type           Power      Damage    Failure   Level
 Ignite Poison            Fire/Tmut/Pois 16%        N/A       11%         3
 Scorch                   Fire           12%        2d6       16%         2
 Flame Wave               Conj/Fire      6%         2d5       71%         4
 Manifold Assault         Tloc           6%         N/A       71%         4
 Sticky Flame             Conj/Fire      6%         2d3       71%         4
 Summon Cactus Giant      Summ           3%         N/A       100%        6
 Ignition                 Fire           3%         3d4       100%        8


Dungeon Overview and Level Annotations

Branches:
Dungeon (8/15)             Temple (1/1) D:6           Sewer (visited)
 Bailey (1/1)
   Lair: D:8-11

Altars:
Ashenzari
Cheibriados
Dithmenos
Elyvilon
Fedhas
Gozag
Hepliaklqana
Kikubaaqudgha
Makhleb
Nemelex Xobeh
Okawaru
Qazlal
Ru
Sif Muna
Trog
Uskayaw
Vehumet
Wu Jian
Xom
Yredelemnul
Zin
The Shining One

Shops:
D:1 :   D:6 :


Innate Abilities, Weirdness & Mutations

You cannot wear most types of armour.
You are amphibious.
You can wear up to eight rings at the same time.
Your skin changes colour to match your surroundings (Stealth+).
Your rubbery body absorbs attacks. (AC +1, EV +1)
((You are camouflaged when in or above water. (Stealth+)))
You have tentacles for arms and can constrict up to eight enemies at once.
You have supernaturally acute eyesight. (SInv)
Your muscles are strong. (Str +4, Int/Dex -1)


Message History

You completely miss the orc.
The hobgoblin shouts! x2; The orc warrior shouts!
You grab the orc. You constrict the orc.
A goblin comes into view. It is wielding a +0 hand axe.
The orc hits you with a +0 hand axe.
You bludgeon the orc!
You kill the orc!
Cheibriados appreciates the change of pace.
You are starting to lose your buoyancy.
The hobgoblin misses you.
The hobgoblin hits you with a +0 hand axe.
Things that are here:
a +0 hand axe; a +0 leather armour; an orc corpse You reach down and close the door.
The orc warrior barely misses you. The hobgoblin closely misses you.
You tentacle-slap the orc warrior. Your grab misses the orc warrior.
Your tentacle-slap misses the orc warrior.
Your squeeze misses the orc warrior.
The orc warrior is lightly wounded.
The orc warrior closely misses you.
The hobgoblin hits you with a +0 hand axe.
You bludgeon the orc warrior! Your grab misses the orc warrior.
The orc warrior is heavily wounded.
You bludgeon the orc warrior! You grab the orc warrior.
You squeeze the orc warrior, but do no damage.
The orc warrior is almost dead.
You constrict the orc warrior.
The hobgoblin hits you with a +0 hand axe.
The orc warrior hits you with a +0 war axe.
The hobgoblin hits you with a +0 hand axe.
* * * LOW HITPOINT WARNING * * *
You tentacle-slap the orc warrior but do no damage.
The orc warrior is almost dead.
You constrict the orc warrior, but do no damage.
The hobgoblin closely misses you.
The orc warrior hits you with a +0 war axe!
* * * LOW HITPOINT WARNING * * *
A hobgoblin comes into view. It is wielding a +0 hand axe.
The hobgoblin hits you with a +0 hand axe.
You die...

........#...........#..........##
♣.......'.........).#...........#
...∩.∩..'.....⌠..)..#..........))
♣.......'...........#...........#
........#...........#..........##
♣♣......##.........###.........##
♣....♣♣♣###.....###.###.....###
♣♣.♣.♣ ###.#+#.....###.### ♣♣♣♣♣
###@og..... ### #.gg...... .
#......... ... #.....⌠... ..⌠
#......... .g. #......... ...
##.......g ###.....#


You could see an orc warrior, 3 hobgoblins and a goblin.

Vanquished Creatures
  An orc warlord (Bailey)
  Pikel (D:4)
  An unseen horror (D:5)
  Grinder (D:4)
  Eustachio (D:4)
  Edmund (D:5)
  8 orc warriors
  An ice beast (D:6)
  An ogre (D:6)
  A centaur (D:6)
  A phantom (D:4)
  2 lemures (D:4)
  2 bullfrogs (D:7)
  3 necrophages
  2 scorpions (D:5)
  3 wights (D:6)
  2 howler monkeys (D:7)
  A jelly (D:4)
  2 gnoll boudas
  2 hounds
  4 orc priests
  Crazy Yiuf (D:3)
  Natasha (thrice) (D:3)
  4 iguanas
  8 orc wizards
  19 gnolls
  9 adders
  A white imp (D:7)
  An ufetubus (D:5)
  2 worms
  3 dart slugs
  34 orcs
  6 endoplasms
  6 giant cockroaches
  20 goblins
  14 hobgoblins
  6 jackals
  5 kobolds
  4 quokkas
  8 ball pythons
  7 bats
  5 frilled lizards
  5 rats
212 creatures vanquished.

Vanquished Creatures (collateral kills)
  A gnoll (Bailey)
  2 orcs (Bailey)
  A goblin (Bailey)
4 creatures vanquished.

Grand Total: 216 creatures vanquished

Notes
Turn   | Place    | Note
-------+----------+-------------------------------------------
     0 | D:5      | sscrono2 the Octopode Delver began the quest for the Orb.
     0 | D:5      | Reached XP level 1. HP: 16/16 MP: 1/1
    31 | D:5      | Noticed a scorpion
    34 | D:5      | Found a glowing drain.
    40 | D:5      | Killed a scorpion
    41 | D:5      | Reached skill level 4 in Unarmed Combat
    41 | D:5      | Reached XP level 2. HP: 6/21 MP: 2/2
    41 | D:5      | Reached XP level 3. HP: 8/26 MP: 3/3
   111 | D:5      | Reached XP level 4. HP: 20/31 MP: 4/4
   221 | Sewer    | Entered a sewer
   363 | Sewer    | Noticed Pargi
   532 | D:4      | Noticed a necrophage
   534 | D:4      | Noticed Grinder
   551 | D:4      | Killed a necrophage
   552 | D:4      | Reached skill level 5 in Unarmed Combat
   552 | D:4      | Reached XP level 5. HP: 35/36 MP: 5/5
   578 | D:4      | Identified the +9 mace "Luareuly" {elec, *Rage rCorr MP+9}
   585 | D:4      | Killed Grinder
   586 | D:4      | Reached skill level 6 in Unarmed Combat
   586 | D:4      | Reached XP level 6. HP: 33/42 MP: 5/6
   774 | D:4      | Noticed Eustachio
   789 | D:4      | Killed Eustachio
   790 | D:4      | Reached skill level 7 in Unarmed Combat
   790 | D:4      | Reached XP level 7. HP: 13/46 MP: 7/7
   949 | D:4      | Noticed Pikel
   970 | D:4      | Reached skill level 12 in Unarmed Combat
   970 | D:4      | Reached XP level 8. HP: 37/52 MP: 16/17
   995 | D:4      | Reached skill level 5 in Transmutations
   995 | D:4      | Reached skill level 5 in Earth Magic
   995 | D:4      | Reached XP level 9. HP: 22/56 MP: 20/20
  1437 | D:4      | Killed Pikel
  1438 | D:4      | Reached skill level 13 in Unarmed Combat
  2018 | D:3      | Found a runed translucent door.
  2019 | D:3      | Noticed Crazy Yiuf
  2310 | D:2      | Found a faded altar of an unknown god.
  3345 | D:1      | Found Fuarez's Book Shoppe.
  4050 | D:3      | Noticed Natasha
  4058 | D:3      | Killed Natasha
  4517 | D:3      | Killed Crazy Yiuf
  5224 | D:3      | Noticed Natasha
  5227 | D:3      | Killed Natasha
  5411 | D:3      | Noticed Natasha
  5421 | D:3      | Killed Natasha
  6027 | D:4      | Found a bloodstained altar of Trog.
  6736 | D:5      | Killed an unseen horror
  6737 | D:5      | Reached XP level 10. HP: 29/63 MP: 21/21
  7054 | D:5      | Noticed Edmund
  7138 | D:5      | Killed Edmund
  8174 | D:6      | Found a staircase to the Ecumenical Temple.
  8564 | D:6      | Found Kagumeot's Book Shoppe.
  8686 | Temple   | Entered the Ecumenical Temple
  8686 | Temple   | Found a transporter.
  8686 | Temple   | Found a transporter.
  8688 | Temple   | Found a transporter.
  8688 | Temple   | Found a transporter.
  8711 | Temple   | Became a worshipper of Cheibriados the Contemplative
  9119 | D:7      | Learned a level 7 spell: Storm Form
  9212 | D:7      | Identified the +2 scale mail of Untruth {Str-4 Int+4}
  9503 | D:7      | Reached * piety under Cheibriados
  9623 | D:7      | Reached skill level 1 in Air Magic
  9952 | D:7      | Found an ornate altar of the Wu Jian Council.
  9953 | D:7      | Found an ancient bone altar of Kikubaaqudgha.
 10142 | D:8      | Learned a level 2 spell: Blink
 10157 | D:8      | Found a flagged portal.
 10205 | Bailey   | Entered a bailey
 10480 | Bailey   | Reached ** piety under Cheibriados
 10584 | Bailey   | Noticed an orc warlord
 10757 | Bailey   | Gained mutation: You have supernaturally acute eyesight.
                  | (SInv) [potion of mutation]
 10757 | Bailey   | Gained mutation: Your muscles are strong. (Str +4, Int/Dex
                  | -1) [potion of mutation]
 10845 | Bailey   | Killed an orc warlord
 10846 | Bailey   | Reached skill level 1 in Invocations
 10965 | Bailey   | Reached XP level 11. HP: 67/67 MP: 23/23
 10980 | Bailey   | Noticed an orc knight
 11035 | Bailey   | HP: 1/67 [orc warrior/+0 war axe (16)]
 11035 | Bailey   | Slain by a hobgoblin

Illustrated notes

Levels and vault maps discovered:
D:1:      mrwooster_arrival_statue_2, layout_basic, serial_shops, shop,
          dreamdust_princess_bridge, reono_crystal_passage,
          minmay_misc_feat_roman, chequers_serial_rivers_small_3
D:2:      layout_basic, hellmonk_ecumenical_altar_slurped_away,
          minmay_misc_feat_more_columns, minmay_misc_feat_iff
D:3:      layout_basic, minmay_puff, uniq_crazy_yiuf_cottage, uniq_natasha
D:4:      layout_basic, mainiacjoe_overflow_concentric_impassable, uniq_grinder,
          uniq_pikel, uniq_eustachio
D:5:      layout_basic, gup_sewer_entry_glass, uniq_edmund
D:6:      layout_loops_cross, minmay_temple_entry_grid, serial_shops, shop
D:7:      layout_basic, gammafunk_temple_overflow_statue
D:8:      layout_basic, enter_bailey_3, dk_rats_in_the_wall
Temple:   hellmonk_temple_divided_pantheon
Bailey:   bailey_axe_minmay_hex_keep, bailey

Skill      XL: |  1  2  3  4  5  6  7  8  9 10 |
---------------+-------------------------------+-----
Unarmed Combat | 4 5 6 7 12 13 | 13.3
Spellcasting   | 6 7 8 |  8.2
Transmutations | 5 8 |  8.0
Earth Magic    | 5 6 |  6.1
Stealth        | 7 |  7.9
Air Magic      | 6 |  6.8
Invocations    | 1 |  1.4
Fighting       | |  3.0
Dodging        | |  2.0

Action                   |  1- 3 |  4- 6 |  7- 9 | 10-12 || total
-------------------------+-------+-------+-------+-------++-------
Melee: Unarmed           |     5 |    23 |       |    77 ||   105
       Tentacles         |     2 |     7 |    17 |    45 ||    71
       Constrict         |     2 |     8 |    27 |    45 ||    82
       Punch             |       |     1 |     6 |    12 ||    19
       Mace              |       |    16 |   140 |   108 ||   264
Throw: Dart              |       |       |       |     8 ||     8
Invok: Bend Time         |       |       |       |     3 ||     3
Evoke: Wand              |       |       |       |     9 ||     9
       Box of beasts     |       |       |       |     1 ||     1
  Use: Scroll            |     1 |       |     3 |    17 ||    21
       Potion            |       |       |     3 |    12 ||    15
 Stab: Sleeping          |       |     4 |    32 |    11 ||    47
       Invisible         |       |       |       |     2 ||     2
Armor: Skin              |       |       |     7 |     7 ||    14
Dodge: Dodged            |     1 |    28 |    64 |    79 ||   172

Table legend: (Time is in decaauts)
 A = Elapsed time spent in this place.
 B = Non-inter-level travel time spent in this place.
 C = Inter-level travel time spent in this place.
 D = Time resting spent in this place.
 E = Time spent auto-exploring this place.
 F = Levels seen in this place.
 G = Mean time per level.
                   A        B        C        D        E       F      G
               +--------+--------+--------+--------+--------+-----+--------+
         Total |  11972 |  11688 |    284 |   3422 |   6074 |  11 | 1088.4 |
       Dungeon |  10716 |  10440 |    276 |   3178 |   5672 |   8 | 1339.5 |
        Temple |     52 |     44 |      8 |      0 |      6 |   1 |   52.0 |
         Sewer |    270 |    270 |      0 |      0 |    112 |   1 |  270.0 |
        Bailey |    933 |    933 |      0 |    243 |    283 |   1 |  933.0 |
               +--------+--------+--------+--------+--------+-----+--------+

Top non-repeatable levels by time:
     D:3: 2535 daAuts
     D:4: 1826 daAuts
     D:6: 1619 daAuts
     D:5: 1469 daAuts
     D:7: 1298 daAuts
     D:1: 998 daAuts
  Bailey: 933 daAuts
     D:2: 856 daAuts
   Sewer: 270 daAuts
     D:8: 111 daAuts
  Temple: 52 daAuts
